Merl, neutral female human Valkyrie ----- --- -- |...| |..-- --.-- ---...| |..<--|...| |@....-- --.[)|-...--- -- |.h....| ---.|......| --. - --.f....-- |........| |.... --........| ---..-.--- -- |..............--------...---- .--------- -- --.........................................| |.................---............------ | --.|................................-- ----...........G....................- |...........................| .......- ---........................-- ......| |....(.---.|.|.--......--- ....| -----.-- -----------.--- - .-- --- -- -- Merl the Skirmisher Experience level: 4 Strength: 18/03 Dexterity: 10 Constitution: 18 Intelligence: 8 Wisdom: 11 Charisma: 7 Health: 0(46) Energy: 11(11) Def: 5 Gold: 25 Moves: 1910 Dungeon seed: VeU4HITaUpRyDmzf Game ID: Merl_1524926634 Your Inventory: Coins $ - 25 gold pieces Weapons a - a +2 long sword (weapon in hand) b - a +0 dagger h - a +0 orcish spear j - a +0 elven bow Armor e - a blessed +4 small shield (being worn) r - an uncursed +0 dwarvish cloak y - an uncursed +0 pair of iron shoes Comestibles c - an uncursed food ration Scrolls n - an uncursed scroll of amnesia q - an uncursed scroll of identify Potions d - an uncursed potion of gain ability p - an uncursed potion of speed Wands s - a wand of magic missile (0:5) Tools l - an uncursed lock pick t - 3 uncursed tallow candles (0:200) Spells and supernatural/magical abilities: Name Level Category Fail Memory W - pray for help -- divine ? -- Your skills at the end: Fighting Skills Weapon Skills dagger [Basic] long sword [Basic] Spellcasting Skills Final Attributes: You were devoutly aligned. You were cold resistant. You were stealthy. You are dead. Vanquished creatures: a large mimic a dwarf lord a dwarf 2 acid blobs a large kobold 4 gnomes a gecko 3 jackals 2 foxes a grid bug 4 lichens 2 kobold zombies 5 newts 28 creatures vanquished. Voluntary challenges: You used a wielded weapon 18 times, starting on turn 34. You read items or engraved 3 times, starting on turn 1482. You never genocided any monsters. You never polymorphed an object. You never changed form. You used no wishes. You never split a pudding. You never wrote Elbereth's name. You never violated your personal moral code. Dungeon overview: The Dungeons of Doom: levels 1 to 4 Level 1 a long staircase Level 2 a fountain Level 3 a general store Level 4 a general store, an altar to Odin stairs to The Gnomish Mines The Gnomish Mines: Level 5 <- You were here stairs to The Dungeons of Doom Level 6 History has recorded: On T:1 you entered the Dungeons of Doom to retrieve the Amulet of Yendor! On T:248 you reached level 2 of The Dungeons of Doom. On T:619 you reached level 3 of The Dungeons of Doom. On T:908 you reached level 4 of The Dungeons of Doom. On T:1017 you reached level 1 of The Gnomish Mines. On T:1660 you advanced to experience level 2. On T:1731 you advanced to experience level 3. On T:1845 you advanced to experience level 4. Score breakdown: Gold: 25 ( 4813 points) Experience: 4 levels ( 9649 points) Exploration: 5 levels ( 10.64%) ( 8846 points) Discoveries: 7 items ( 2.85%) ( 5060 points) Valuables value: (no points given unless you survive) Artifact value: 0 ( 0 points) Variety of kills: 13 monsters ( 3.41%) ( 5541 points) Turncount: 1910 turns ( 0 points) Survival: died (score multiplied by 80%) Total score: 27127 Latest messages: The dwarf thrusts his dwarvish short sword. The dwarf hits! You miss the dwarf. The housecat misses the dwarf. (2x) You miss the dwarf. The housecat misses the dwarf. The dwarf thrusts his dwarvish short sword. The dwarf hits! You miss the dwarf. The housecat misses the dwarf. You miss the dwarf. The housecat misses the dwarf. The dwarf thrusts his dwarvish short sword. The dwarf hits! The housecat misses the dwarf. You miss the dwarf. The housecat misses the dwarf. You miss the dwarf. The housecat misses the dwarf. The dwarf thrusts his dwarvish short sword. The dwarf hits! You die... Final status: Farvel Merl the Valkyrie, killed by a dwarf... You died in The Gnomish Mines on dungeon level 5 with 27127 points, and 25 pieces of gold, after 1910 moves. You were level 4 with a maximum of 46 hit points when you died.